Influenza vs Thunder

Created - 28 janvier 2015 at 23:07

Goals
1 2 3 OT1 SO T
Influenza 0 0 4 0 1 5
Thunder 1 2 1 0 0 4
Shots
1 2 3 OT1 SO T
Influenza 11 8 14 2 3 35
Thunder 9 13 11 0 3 33

1st period

1. Thunder , Matt D'Agostini 31 (Dany Roussin) at 0:57

Penalties :
Robin Leblanc (TRO) for Hooking (Minor) at 5:36, Dany Roussin (TRO) for Interference (Minor) at 16:03, Jaime Sifers (VJB) for Holding (Minor) at 19:12

2nd period

2. Thunder , Scott Parse 22 (Samuel Pahlsson) at 3:06
3. Thunder , Robin Leblanc 12 (Jeff Finger) at 14:28

Penalties :
Martins Karsums (VJB) for Hooking (Minor) at 6:57

3rd period

4. Influenza , Jaime Sifers 7 (Martins Karsums, Mathieu Carle) at 0:13
5. Influenza , Martins Karsums 30 (Carl Gunnarsson) at 6:26 (SH)
6. Thunder , Dany Roussin 21 (Tom Pyatt, Doug Janik) at 7:18 (PP)
7. Influenza , Ryan Russell 14 (Ben Smith) at 11:20
8. Influenza , Zac Dalpe 14 (Jeremy Morin) at 13:17

Penalties :
Ray Macias (TRO) for Hooking (Minor) at 3:23, Martins Karsums (VJB) for Slashing (Minor) at 3:45, Juraj Mikus (VJB) for Hooking (Minor) at 5:52, Samuel Pahlsson (TRO) for Holding Stick (Minor) at 14:13

Overtime #1

No Goal

Penalties :
No Penalty

Shootout

Penalty Shot by Robbie Earl for Influenza - Goal!
Penalty Shot by Samuel Pahlsson for Thunder - Shot Misses the Net
Penalty Shot by Ryan Carter for Influenza - Stopped by Barry Brust
Penalty Shot by Scott Parse for Thunder - Stopped by Alex Stalock
Penalty Shot by Martins Karsums for Influenza - Stopped by Barry Brust
Penalty Shot by Dany Roussin for Thunder - Shot Misses the Net

Penalties :
No Penalty

Goalie Stats

Alex Stalock (VJB), 29 saves from 33 shots - (0,879), W, 19-15-2, 65:00 minutes
Barry Brust (TRO), 31 saves from 35 shots - (0,886), OTL, 0-0-1, 65:00 minutes

Players Stats for Influenza

Player Name              G  A  P  +/- PIM S  H  SB GA TA FO     MP     PP MP  PK MP  
------------------------------------------------------------------------------------
Adam Berti               0  0  0   0  0   2  0  1  0  0  0/0     7:10   0:00   0:16 
Andreas Engqvist         0  0  0   0  0   0  0  0  0  0  0/0     0:00   0:00   0:00 
Ben Smith                0  1  1   1  0   2  2  0  1  1  1/1    15:26   2:45   0:00 
Brian Salcido            0  0  0   0  0   0  1  2  0  0  0/0    13:02   0:00   1:25 
Carl Gunnarsson          0  1  1   0  0   0  0  1  2  1  0/0    21:32   2:42   2:33 
Cody McCormick           0  0  0   2  0   5  2  1  0  1  6/13   18:49   2:45   1:21 
Colby Robak              0  0  0   1  0   0  0  0  0  0  0/0     3:25   0:00   0:00 
Colin McDonald           0  0  0   0  0   0  0  0  0  0  0/1     6:41   0:00   0:00 
Corey Tropp              0  0  0   0  0   0  0  0  0  0  0/0     0:00   0:00   0:00 
Eric Wellwood            0  0  0   0  0   0  0  1  0  0  1/1    12:45   0:00   1:11 
Jaime Sifers             1  0  1   0  2   3  2  0  0  1  0/0    27:28   3:37   1:48 
Jeff May                 0  0  0   1  0   0  0  0  0  0  0/0     3:25   0:00   0:00 
Jeff Petry               0  0  0   0  0   0  0  0  0  0  0/0    10:56   0:00   0:00 
Jeremy Morin             0  1  1   0  0   0  1  0  0  0  0/0    11:37   0:00   0:00 
Jordan Schroeder         0  0  0   0  0   0  0  0  0  0  0/0     0:42   0:00   0:25 
Juraj Mikus              0  0  0   0  2   2  2  0  0  0  0/2     6:40   0:00   0:00 
Martins Karsums          1  1  2   0  4   2  1  0  2  0  0/1    21:48   3:33   0:40 
Mathieu Carle            0  1  1   0  0   3  2  2  0  1  0/0    29:07   3:37   3:13 
Oskars Bartulis          0  0  0   0  0   0  0  1  0  1  0/0    21:32   2:42   2:33 
Paul Szczechura          0  0  0   0  0   0  0  0  0  0  0/0     0:00   0:00   0:00 
Robbie Earl              0  0  0  -1  0   4  2  2  0  1  0/10   26:50   3:34   3:41 
Ryan Carter              0  0  0  -1  0   7  2  0  1  0  16/30  26:23   3:34   3:45 
Ryan Russell             1  0  1   1  0   4  0  2  0  0  1/3    15:26   2:45   0:00 
T.J Brodie               0  0  0   0  0   0  0  0  0  0  0/0     0:00   0:00   0:00 
Zac Dalpe                1  0  1   0  0   1  0  0  0  0  3/3    11:49   0:00   0:13 

Players Stats for Thunder

Player Name              G  A  P  +/- PIM S  H  SB GA TA FO     MP     PP MP  PK MP  
------------------------------------------------------------------------------------
Brandon Mashinter        0  0  0   1  0   1  2  0  0  1  3/8    14:30   0:00   1:58 
Brett Festerling         0  0  0   0  0   0  0  1  0  0  0/0     5:24   0:09   0:00 
Casey Pierro-Zabotel     0  0  0   1  0   0  2  0  0  0  0/0    11:13   0:00   0:06 
Colby Cohen              0  0  0   0  0   0  0  0  0  0  0/0     0:00   0:00   0:00 
Dany Roussin             1  1  2   0  2   2  1  0  1  0  0/0    20:02   2:13   1:43 
Daultan Leveillé         0  0  0  -1  0   0  0  0  0  0  0/2     5:27   0:00   0:29 
David Fischer            0  0  0   0  0   0  0  0  0  1  0/0     5:05   0:00   0:00 
Derek Peltier            0  0  0   1  0   1  1  3  0  0  0/0    21:01   1:52   2:37 
Doug Janik               0  1  1   0  0   2  2  2  0  1  0/0    27:57   3:54   3:36 
Jannik Hansen            0  0  0  -1  0   1  0  0  0  0  0/1     8:03   0:31   0:00 
Jeff Finger              0  1  1   0  0   1  1  4  2  0  0/0    28:36   3:54   3:42 
Jesse Blacker            0  0  0   0  0   0  0  0  0  0  0/0     0:00   0:00   0:00 
Joey Ryan                0  0  0  -2  0   0  0  1  0  1  0/0    10:45   0:02   0:00 
Kelly Zajac              0  0  0   0  0   0  0  0  0  0  0/0     0:00   0:00   0:00 
Kevin Montgomery         0  0  0   0  0   0  0  0  0  0  0/0     0:00   0:00   0:00 
Mat Clark                0  0  0   0  0   0  0  0  0  0  0/0     0:00   0:00   0:00 
Matt D'Agostini          1  0  1   0  0   4  2  0  1  0  0/0    17:03   2:33   0:00 
Pierre-Alexandre Parente 0  0  0  -1  0   6  1  0  1  0  0/0    20:46   3:02   1:14 
Ray Macias               0  0  0   1  2   0  1  0  0  2  0/0    20:35   1:52   2:37 
Robin Leblanc            1  0  1   1  2   3  1  0  0  0  0/2    14:52   0:31   0:00 
Samuel Pahlsson          0  1  1  -2  2   6  5  0  2  0  24/38  27:35   3:02   2:37 
Scott Parse              1  0  1  -1  0   2  2  0  0  0  2/3    24:50   3:02   3:36 
Slava Voynov             0  0  0  -2  0   0  1  1  0  0  0/0    10:57   0:00   0:06 
Tim Gleason              0  0  0   0  0   0  0  0  0  0  0/0     0:00   0:00   0:00 
Tom Pyatt                0  1  1   0  0   4  0  0  0  0  8/11   17:19   2:13   0:55 

3 Stars

1 - Ryan Russell (VJB)
2 - Matt D'Agostini (TRO)
3 - Dany Roussin (TRO)

Power Play

Influenza - 0 on 4 Attempt(s) - 0,00%
Thunder - 1 on 4 Attempt(s) - 25,00%

Penalty Kill

Influenza - 3 on 4 Attempt(s) - 75,00% - Score 1 goal in Penalty Kill
Thunder - 4 on 4 Attempt(s) - 100,00% - Score 0 goal in Penalty Kill

Team Stat

Influenza - Hits : 17 - Faceoff Wins : 28 - Blocked Shots : 13 - Penalty Minutes : 8
Thunder - Hits : 22 - Faceoff Wins : 37 - Blocked Shots : 12 - Penalty Minutes : 8

Official

Referees : StPierre Justin and Watson Brad
Linesman : Brad Lazarowich and Michel Cormier

Game Notes

5:44 of 3rd period - Thunder goal is going for a video replay. After video review, No Goal. The referee deems the play has been stopped, even if he had not physically had the opportunity to stop play by blowing his whistle.

Finance

Level 1 -- Attendance: 1546 (77,30%) -- Ticket Income 54 110 $
Level 2 -- Attendance: 709 (70,90%) -- Ticket Income 10 635 $
Total Attendance: 2255 (75,17%)
Total Ticket Income: 64 745 $
Other Income: 3 237 $
Total Income: 67 982 $

Influenza

5 vs 5 Forward 
   Center                   Left Wing                Right Wing               Time % Phy DF OF 
 1 Ryan Carter              Robbie Earl              Martins Karsums          40     1   2  2  
 2 Cody McCormick           Ryan Russell             Ben Smith                30     1   2  2  
 3 Zac Dalpe                Eric Wellwood            Jeremy Morin             20     1   2  2  
 4 Juraj Mikus              Adam Berti               Colin McDonald           10     1   2  2  

5 vs 5 Defense 
   Defense                  Defense                                           Time % Phy DF OF 
 1 Jaime Sifers             Mathieu Carle                                     40     1   2  2  
 2 Carl Gunnarsson          Oskars Bartulis                                   30     1   2  2  
 3 Jeff Petry               Brian Salcido                                     20     1   2  2  
 4 Jeff May                 Colby Robak                                       10     1   2  2  

PowerPlay Forward 
   Center                   Left Wing                Right Wing               Time % Phy DF OF 
 1 Ryan Carter              Robbie Earl              Martins Karsums          60     1   2  2  
 2 Cody McCormick           Ryan Russell             Ben Smith                40     1   2  2  

PowerPlay Defense
   Defense                  Defense                                           Time % Phy DF OF 
 1 Jaime Sifers             Mathieu Carle                                     60     1   2  2  
 2 Carl Gunnarsson          Oskars Bartulis                                   40     1   2  2  

Penalty Kill 4 Players Forward 
   Center                   Wing                     Time % Phy DF OF 
 1 Robbie Earl              Ryan Carter              60     1   2  2  
 2 Martins Karsums          Cody McCormick           40     1   2  2  

Penalty Kill 4 Players Defense
   Defense                  Defense                  Time % Phy DF OF 
 1 Jaime Sifers             Mathieu Carle            60     1   2  2  
 2 Carl Gunnarsson          Oskars Bartulis          40     1   2  2  

Penalty Kill - 3 Players Forward 
   Forward                                           Time % Phy DF OF 
 1 Robbie Earl                                       60     1   2  2  
 2 Ryan Carter                                       40     1   2  2  

Penalty Kill - 3 Players Defense
   Defense                  Defense                  Time % Phy DF OF 
 1 Jaime Sifers             Mathieu Carle            60     1   2  2  
 2 Carl Gunnarsson          Oskars Bartulis          40     1   2  2  

4 vs 4 Forward 
   Center                   Wing                     Time % Phy DF OF 
 1 Robbie Earl              Ryan Carter              60     1   2  2  
 2 Martins Karsums          Cody McCormick           40     1   2  2  

4 vs 4 Defense
   Defense                  Defense                  Time % Phy DF OF 
 1 Jaime Sifers             Mathieu Carle            60     1   2  2  
 2 Carl Gunnarsson          Oskars Bartulis          40     1   2  2  

Last Minutes Offensive
   Center                   Left Wing                Right Wing               Defense                  Defense                  
   Ryan Carter              Robbie Earl              Martins Karsums          Jaime Sifers             Mathieu Carle            

Last Minutes Defensive
   Center                   Left Wing                Right Wing               Defense                  Defense                  
   Ryan Carter              Robbie Earl              Martins Karsums          Jaime Sifers             Mathieu Carle            

Goaltenders
Starting : Alex Stalock             
Backup : Tyson Sexsmith           

Extra Forwards
Normal : Zac Dalpe, Jeremy Morin, Eric Wellwood - PP : Zac Dalpe, Jeremy Morin - PK : Eric Wellwood
Extra Defensemen
Normal : Jeff Petry, Brian Salcido, Jeff May - PP : Jeff Petry - PK : Brian Salcido, Jeff May
Penalty Shots
Robbie Earl, Ryan Carter, Martins Karsums, Cody McCormick, Ben Smith

Thunder

5 vs 5 Forward 
   Center                   Left Wing                Right Wing               Time % Phy DF OF 
 1 Samuel Pahlsson          Scott Parse              Pierre-Alexandre Parentea40     1   2  2  
 2 Tom Pyatt                Dany Roussin             Matt D'Agostini          30     1   2  2  
 3 Brandon Mashinter        Casey Pierro-Zabotel     Robin Leblanc            20     1   2  2  
 4 Daultan Leveillé         Samuel Pahlsson          Jannik Hansen            10     1   2  2  

5 vs 5 Defense 
   Defense                  Defense                                           Time % Phy DF OF 
 1 Doug Janik               Jeff Finger                                       40     1   2  2  
 2 Ray Macias               Derek Peltier                                     30     1   2  2  
 3 Joey Ryan                Slava Voynov                                      20     1   2  2  
 4 Brett Festerling         David Fischer                                     10     1   2  2  

PowerPlay Forward 
   Center                   Left Wing                Right Wing               Time % Phy DF OF 
 1 Samuel Pahlsson          Scott Parse              Pierre-Alexandre Parentea60     1   2  2  
 2 Tom Pyatt                Dany Roussin             Matt D'Agostini          40     1   2  2  

PowerPlay Defense
   Defense                  Defense                                           Time % Phy DF OF 
 1 Doug Janik               Jeff Finger                                       60     1   2  2  
 2 Ray Macias               Derek Peltier                                     40     1   2  2  

Penalty Kill 4 Players Forward 
   Center                   Wing                     Time % Phy DF OF 
 1 Samuel Pahlsson          Scott Parse              60     1   2  2  
 2 Dany Roussin             Pierre-Alexandre Parentea40     1   2  2  

Penalty Kill 4 Players Defense
   Defense                  Defense                  Time % Phy DF OF 
 1 Doug Janik               Jeff Finger              60     1   2  2  
 2 Ray Macias               Derek Peltier            40     1   2  2  

Penalty Kill - 3 Players Forward 
   Forward                                           Time % Phy DF OF 
 1 Samuel Pahlsson                                   60     1   2  2  
 2 Scott Parse                                       40     1   2  2  

Penalty Kill - 3 Players Defense
   Defense                  Defense                  Time % Phy DF OF 
 1 Doug Janik               Jeff Finger              60     1   2  2  
 2 Ray Macias               Derek Peltier            40     1   2  2  

4 vs 4 Forward 
   Center                   Wing                     Time % Phy DF OF 
 1 Samuel Pahlsson          Scott Parse              60     1   2  2  
 2 Dany Roussin             Pierre-Alexandre Parentea40     1   2  2  

4 vs 4 Defense
   Defense                  Defense                  Time % Phy DF OF 
 1 Doug Janik               Jeff Finger              60     1   2  2  
 2 Ray Macias               Derek Peltier            40     1   2  2  

Last Minutes Offensive
   Center                   Left Wing                Right Wing               Defense                  Defense                  
   Samuel Pahlsson          Scott Parse              Pierre-Alexandre ParenteaDoug Janik               Jeff Finger              

Last Minutes Defensive
   Center                   Left Wing                Right Wing               Defense                  Defense                  
   Samuel Pahlsson          Scott Parse              Pierre-Alexandre ParenteaDoug Janik               Jeff Finger              

Goaltenders
Starting : Barry Brust              
Backup : Mark Dekanich            

Extra Forwards
Normal : Robin Leblanc, Jannik Hansen, Brandon Mashinter - PP : Robin Leblanc, Jannik Hansen - PK : Brandon Mashinter
Extra Defensemen
Normal : Joey Ryan, Slava Voynov, Brett Festerling - PP : Joey Ryan - PK : Slava Voynov, Brett Festerling
Penalty Shots
Samuel Pahlsson, Scott Parse, Dany Roussin, Pierre-Alexandre Parenteau, Matt D'Agostini

% Time on Ice - Influenza

Lines # - Real PCT - Wanted PCT - Time Play
Normal Forward
1 - 36% - 40% - 16:42
2 - 28% - 30% - 12:53
3 - 22% - 20% - 10:02
4 - 14% - 10% - 6:41
Normal Defense
1 - 41% - 40% - 18:51
2 - 30% - 30% - 13:48
3 - 22% - 20% - 10:14
4 - 7% - 10% - 3:25
PP Forward
1 - 56% - 60% - 3:34
2 - 44% - 40% - 2:45
PP Defense
1 - 57% - 60% - 3:37
2 - 43% - 40% - 2:42
PK Forward
1 - 77% - 60% - 4:25
2 - 23% - 40% - 1:21
PK Defense
1 - 56% - 60% - 3:13
2 - 44% - 40% - 2:33
PK3 Forward
1 - 0% - 60%
2 - 0% - 40%
PK3 Defense
1 - 0% - 60%
2 - 0% - 40%
44 Forward
1 - 72% - 60% - 4:47
2 - 28% - 40% - 1:50
44 Defense
1 - 52% - 60% - 3:26
2 - 48% - 40% - 3:11
Last Minute Offensive  - 0:00
Last Minute Defensive  - 0:00
Total
Forward - 65:00
Defense - 65:00

% Time on Ice - Thunder

Lines # - Real PCT - Wanted PCT - Time Play
Normal Forward
1 - 34% - 40% - 15:49
2 - 32% - 30% - 14:46
3 - 23% - 20% - 10:45
4 - 11% - 10% - 4:58
Normal Defense
1 - 38% - 40% - 17:34
2 - 30% - 30% - 14:04
3 - 21% - 20% - 9:35
4 - 11% - 10% - 5:05
PP Forward
1 - 62% - 60% - 3:33
2 - 38% - 40% - 2:13
PP Defense
1 - 68% - 60% - 3:54
2 - 32% - 40% - 1:52
PK Forward
1 - 80% - 60% - 5:05
2 - 20% - 40% - 1:14
PK Defense
1 - 59% - 60% - 3:42
2 - 41% - 40% - 2:37
PK3 Forward
1 - 0% - 60%
2 - 0% - 40%
PK3 Defense
1 - 0% - 60%
2 - 0% - 40%
44 Forward
1 - 81% - 60% - 5:22
2 - 19% - 40% - 1:15
44 Defense
1 - 52% - 60% - 3:26
2 - 48% - 40% - 3:11
Last Minute Offensive  - 0:00
Last Minute Defensive  - 0:00
Total
Forward - 65:00
Defense - 65:00

Play by Play

1st period


0:01 of 1st period - Scott Parse wins face-off versus Ryan Carter in neutral zone.
0:14 of 1st period - Slapshot by Pierre-Alexandre Parenteau.
0:14 of 1st period - Stopped by Alex Stalock with a rebound.
0:16 of 1st period - Snap shot by Jeff Finger.
0:16 of 1st period - Stopped by Alex Stalock with a rebound.
0:51 of 1st period - Slapshot by Matt D'Agostini.
0:51 of 1st period - Stopped by Alex Stalock with a rebound.
0:53 of 1st period - Wrist shot by Matt D'Agostini.
0:53 of 1st period - Shot Misses the Net.
0:55 of 1st period - Snap shot by Matt D'Agostini.
0:55 of 1st period - Shot Blocked by Carl Gunnarsson.
0:57 of 1st period - Snap shot by Matt D'Agostini.
0:57 of 1st period - Goal by Matt D'Agostini - Influenza : 0 - Thunder : 1.
0:58 of 1st period - Ryan Russell wins face-off versus Daultan Leveillé in neutral zone.
1:23 of 1st period - Tom Pyatt is hit by Brian Salcido and loses puck.
1:53 of 1st period - Wrist shot by Juraj Mikus.
1:53 of 1st period - Stopped by Barry Brust with a rebound.
2:05 of 1st period - Snap shot by Juraj Mikus.
2:05 of 1st period - Deflect By Robbie Earl.
2:05 of 1st period - Shot Misses the Net.
2:05 of 1st period - Puck is out of play.
2:06 of 1st period - Samuel Pahlsson wins face-off versus Ryan Carter in Thunder zone.
2:06 of 1st period - Samuel Pahlsson is hit by Ryan Carter.
2:16 of 1st period - Slapshot by Martins Karsums.
2:16 of 1st period - Stopped by Barry Brust without a rebound.
2:17 of 1st period - Cody McCormick wins face-off versus Samuel Pahlsson in Thunder zone.
3:47 of 1st period - Snap shot by Cody McCormick.
3:47 of 1st period - Deflect By Ryan Russell.
3:47 of 1st period - Stopped by Barry Brust without a rebound.
3:48 of 1st period - Tom Pyatt wins face-off versus Cody McCormick in Thunder zone.
3:55 of 1st period - Doug Janik is hit by Mathieu Carle and loses puck.
4:18 of 1st period - Robin Leblanc is hit by Jaime Sifers.
4:26 of 1st period - Eric Wellwood is hit by Brandon Mashinter.
5:36 of 1st period - Minor Penalty to Robin Leblanc for Hooking.
5:37 of 1st period - Samuel Pahlsson wins face-off versus Ryan Carter in Thunder zone.
5:48 of 1st period - Snap shot by Robbie Earl.
5:48 of 1st period - Stopped by Barry Brust with a rebound.
5:50 of 1st period - Slapshot by Jaime Sifers.
5:50 of 1st period - Deflect By Jeff Finger.
5:50 of 1st period - Stopped by Barry Brust with a rebound.
5:52 of 1st period - Wrist shot by Ryan Carter.
5:52 of 1st period - Stopped by Barry Brust with a rebound.
6:12 of 1st period - Snap shot by Ryan Russell.
6:12 of 1st period - Shot Misses the Net.
7:36 of 1st period - Penalty to Robin Leblanc is over, Robin Leblanc is back on ice.
7:45 of 1st period - Snap shot by Brandon Mashinter.
7:45 of 1st period - Stopped by Alex Stalock with a rebound.
8:49 of 1st period - Cody McCormick is hit by Samuel Pahlsson and loses puck.
9:57 of 1st period - Wrist shot by Cody McCormick.
9:57 of 1st period - Stopped by Barry Brust without a rebound.
9:58 of 1st period - Samuel Pahlsson wins face-off versus Cody McCormick in Thunder zone.
10:09 of 1st period - Snap shot by Ryan Russell.
10:09 of 1st period - Shot Misses the Net.
10:11 of 1st period - Wrist shot by Ben Smith.
10:11 of 1st period - Shot Blocked by Jeff Finger.
10:21 of 1st period - Robbie Earl is hit by Matt D'Agostini and loses puck.
10:50 of 1st period - Wrist shot by Zac Dalpe.
10:50 of 1st period - Shot Misses the Net.
11:18 of 1st period - Wrist shot by Adam Berti.
11:18 of 1st period - Shot Misses the Net.
12:18 of 1st period - Wrist shot by Ryan Carter.
12:18 of 1st period - Shot Misses the Net.
12:50 of 1st period - Doug Janik is hit by Jeremy Morin and loses puck.
13:36 of 1st period - Icing by Cody McCormick.
13:37 of 1st period - Brandon Mashinter wins face-off versus Cody McCormick in Influenza zone.
13:42 of 1st period - Snap shot by Brandon Mashinter.
13:42 of 1st period - Shot Blocked by Ryan Russell.
13:44 of 1st period - Snap shot by Slava Voynov.
13:44 of 1st period - Shot Blocked by Cody McCormick.
14:59 of 1st period - Snap shot by Cody McCormick.
14:59 of 1st period - Stopped by Barry Brust with a rebound.
15:17 of 1st period - Snap shot by Ryan Russell.
15:17 of 1st period - Stopped by Barry Brust with a rebound.
15:29 of 1st period - Snap shot by Pierre-Alexandre Parenteau.
15:29 of 1st period - Shot Misses the Net.
15:31 of 1st period - Wrist shot by Pierre-Alexandre Parenteau.
15:31 of 1st period - Stopped by Alex Stalock without a rebound.
15:32 of 1st period - Cody McCormick wins face-off versus Jannik Hansen in Influenza zone.
15:45 of 1st period - Snap shot by Ryan Russell.
15:45 of 1st period - Shot Misses the Net.
16:03 of 1st period - Minor Penalty to Dany Roussin for Interference.
16:04 of 1st period - Samuel Pahlsson wins face-off versus Ryan Carter in Thunder zone.
16:20 of 1st period - Backhand shot by Samuel Pahlsson.
16:20 of 1st period - Stopped by Alex Stalock with a rebound.
16:28 of 1st period - Jeff Finger is hit by Robbie Earl and loses puck.
16:33 of 1st period - Snap shot by Martins Karsums.
16:33 of 1st period - Shot Misses the Net.
16:41 of 1st period - Snap shot by Ryan Carter.
16:41 of 1st period - Stopped by Barry Brust without a rebound.
16:42 of 1st period - Cody McCormick wins face-off versus Brandon Mashinter in Thunder zone.
16:49 of 1st period - Backhand shot by Cody McCormick.
16:49 of 1st period - Stopped by Barry Brust without a rebound.
16:50 of 1st period - Brandon Mashinter wins face-off versus Ryan Russell in Thunder zone.
18:03 of 1st period - Penalty to Dany Roussin is over, Dany Roussin is back on ice.
18:13 of 1st period - Slapshot by Tom Pyatt.
18:13 of 1st period - Stopped by Alex Stalock with a rebound.
18:15 of 1st period - Snap shot by Matt D'Agostini.
18:15 of 1st period - Stopped by Alex Stalock without a rebound.
18:16 of 1st period - Tom Pyatt wins face-off versus Cody McCormick in Influenza zone.
18:50 of 1st period - Off-side.
18:51 of 1st period - Samuel Pahlsson wins face-off versus Ryan Carter in neutral zone.
19:12 of 1st period - Minor Penalty to Jaime Sifers for Holding.
19:13 of 1st period - Samuel Pahlsson wins face-off versus Robbie Earl in Influenza zone.
19:31 of 1st period - Icing by Doug Janik.
19:32 of 1st period - Samuel Pahlsson wins face-off versus Robbie Earl in Thunder zone.
Goals for this period are 0 for Influenza vs 1 for Thunder.
Shots for this period are 11 for Influenza vs 9 for Thunder.

2nd period


0:01 of 2nd period - Samuel Pahlsson wins face-off versus Robbie Earl in neutral zone.
0:04 of 2nd period - Slapshot by Samuel Pahlsson.
0:04 of 2nd period - Stopped by Alex Stalock with a rebound.
0:14 of 2nd period - Slapshot by Doug Janik.
0:14 of 2nd period - Shot Blocked by Robbie Earl.
1:12 of 2nd period - Penalty to Jaime Sifers is over, Jaime Sifers is back on ice.
1:24 of 2nd period - Jaime Sifers is hit by Brandon Mashinter and loses puck.
2:31 of 2nd period - Icing by Jeremy Morin.
2:32 of 2nd period - Zac Dalpe wins face-off versus Tom Pyatt in Influenza zone.
2:54 of 2nd period - Wrist shot by Robin Leblanc.
2:54 of 2nd period - Stopped by Alex Stalock without a rebound.
2:55 of 2nd period - Samuel Pahlsson wins face-off versus Colin McDonald in Influenza zone.
3:00 of 2nd period - Wrist shot by Pierre-Alexandre Parenteau.
3:00 of 2nd period - Shot Misses the Net.
3:02 of 2nd period - Slapshot by Derek Peltier.
3:02 of 2nd period - Stopped by Alex Stalock without a rebound.
3:03 of 2nd period - Samuel Pahlsson wins face-off versus Ryan Carter in Influenza zone.
3:04 of 2nd period - Wrist shot by Scott Parse.
3:04 of 2nd period - Shot Misses the Net.
3:06 of 2nd period - Wrist shot by Scott Parse.
3:06 of 2nd period - Goal by Scott Parse - Influenza : 0 - Thunder : 2.
3:07 of 2nd period - Ryan Carter wins face-off versus Samuel Pahlsson in neutral zone.
3:27 of 2nd period - Jaime Sifers is hit by Jeff Finger and loses puck.
4:25 of 2nd period - Slapshot by Samuel Pahlsson.
4:25 of 2nd period - Stopped by Alex Stalock without a rebound.
4:26 of 2nd period - Tom Pyatt wins face-off versus Martins Karsums in Influenza zone.
4:27 of 2nd period - Slapshot by Dany Roussin.
4:27 of 2nd period - Shot Misses the Net.
4:35 of 2nd period - Slapshot by Dany Roussin.
4:35 of 2nd period - Stopped by Alex Stalock with a rebound.
4:41 of 2nd period - Wrist shot by Ryan Carter.
4:41 of 2nd period - Stopped by Barry Brust with a rebound.
5:10 of 2nd period - Slapshot by Robin Leblanc.
5:10 of 2nd period - Deflect By Casey Pierro-Zabotel.
5:10 of 2nd period - Shot Misses the Net.
5:10 of 2nd period - Puck is out of play.
5:11 of 2nd period - Eric Wellwood wins face-off versus Brandon Mashinter in Influenza zone.
5:37 of 2nd period - Carl Gunnarsson is hit by Samuel Pahlsson and loses puck.
5:42 of 2nd period - Wrist shot by Scott Parse.
5:42 of 2nd period - Deflect By Samuel Pahlsson.
5:42 of 2nd period - Shot Misses the Net.
5:42 of 2nd period - Puck is out of play.
5:43 of 2nd period - Samuel Pahlsson wins face-off versus Ryan Carter in Influenza zone.
6:57 of 2nd period - Minor Penalty to Martins Karsums for Hooking.
6:58 of 2nd period - Samuel Pahlsson wins face-off versus Robbie Earl in Influenza zone.
7:42 of 2nd period - Wrist shot by Tom Pyatt.
7:42 of 2nd period - Shot Blocked by Eric Wellwood.
8:57 of 2nd period - Penalty to Martins Karsums is over, Martins Karsums is back on ice.
9:00 of 2nd period - Oskars Bartulis is hit by Ray Macias and loses puck.
9:08 of 2nd period - Off-side.
9:09 of 2nd period - Brandon Mashinter wins face-off versus Juraj Mikus in neutral zone.
9:18 of 2nd period - Brandon Mashinter is hit by Juraj Mikus and loses puck.
9:44 of 2nd period - Snap shot by Jeremy Morin.
9:44 of 2nd period - Shot Misses the Net.
10:23 of 2nd period - Off-side.
10:24 of 2nd period - Ben Smith wins face-off versus Samuel Pahlsson in neutral zone.
10:29 of 2nd period - Snap shot by Ryan Russell.
10:29 of 2nd period - Deflect By Ben Smith.
10:29 of 2nd period - Stopped by Barry Brust with a rebound.
11:27 of 2nd period - Samuel Pahlsson is hit by Juraj Mikus and loses puck.
11:32 of 2nd period - Snap shot by Juraj Mikus.
11:32 of 2nd period - Shot Misses the Net.
11:34 of 2nd period - Snap shot by Adam Berti.
11:34 of 2nd period - Stopped by Barry Brust with a rebound.
11:36 of 2nd period - Wrist shot by Adam Berti.
11:36 of 2nd period - Shot Misses the Net.
12:37 of 2nd period - Wrist shot by Robin Leblanc.
12:37 of 2nd period - Shot Blocked by Brian Salcido.
12:39 of 2nd period - Slapshot by Robin Leblanc.
12:39 of 2nd period - Deflect By Casey Pierro-Zabotel.
12:39 of 2nd period - Shot Blocked by Brian Salcido.
12:39 of 2nd period - Puck is out of play.
12:40 of 2nd period - Samuel Pahlsson wins face-off versus Cody McCormick in Influenza zone.
13:02 of 2nd period - Icing by Jaime Sifers.
13:03 of 2nd period - Ryan Carter wins face-off versus Brandon Mashinter in Influenza zone.
13:10 of 2nd period - Wrist shot by Ray Macias.
13:10 of 2nd period - Deflect By Brandon Mashinter.
13:10 of 2nd period - Shot Misses the Net.
13:10 of 2nd period - Puck is out of play.
13:11 of 2nd period - Ryan Carter wins face-off versus Samuel Pahlsson in Influenza zone.
13:17 of 2nd period - Derek Peltier is hit by Jaime Sifers and loses puck.
13:22 of 2nd period - Snap shot by Scott Parse.
13:22 of 2nd period - Stopped by Alex Stalock with a rebound.
13:24 of 2nd period - Slapshot by Pierre-Alexandre Parenteau.
13:24 of 2nd period - Stopped by Alex Stalock with a rebound.
13:26 of 2nd period - Wrist shot by Samuel Pahlsson.
13:26 of 2nd period - Shot Blocked by Mathieu Carle.
13:49 of 2nd period - Off-side.
13:50 of 2nd period - Zac Dalpe wins face-off versus Samuel Pahlsson in neutral zone.
14:28 of 2nd period - Slapshot by Jeff Finger.
14:28 of 2nd period - Deflect By Robin Leblanc.
14:28 of 2nd period - Goal by Robin Leblanc - Influenza : 0 - Thunder : 3.
14:29 of 2nd period - Ryan Carter wins face-off versus Samuel Pahlsson in neutral zone.
14:32 of 2nd period - Slapshot by Mathieu Carle.
14:32 of 2nd period - Stopped by Barry Brust with a rebound.
14:54 of 2nd period - Ben Smith is hit by Dany Roussin and loses puck.
15:03 of 2nd period - Slapshot by Doug Janik.
15:03 of 2nd period - Stopped by Alex Stalock without a rebound.
15:04 of 2nd period - Ryan Carter wins face-off versus Scott Parse in Influenza zone.
15:19 of 2nd period - Slapshot by Pierre-Alexandre Parenteau.
15:19 of 2nd period - Stopped by Alex Stalock with a rebound.
15:44 of 2nd period - Wrist shot by Robbie Earl.
15:44 of 2nd period - Stopped by Barry Brust with a rebound.
15:46 of 2nd period - Backhand shot by Ryan Carter.
15:46 of 2nd period - Shot Blocked by Derek Peltier.
15:48 of 2nd period - Wrist shot by Ryan Carter.
15:48 of 2nd period - Stopped by Barry Brust without a rebound.
15:49 of 2nd period - Cody McCormick wins face-off versus Tom Pyatt in Thunder zone.
16:04 of 2nd period - Wrist shot by Matt D'Agostini.
16:04 of 2nd period - Shot Misses the Net.
16:39 of 2nd period - Snap shot by Juraj Mikus.
16:39 of 2nd period - Stopped by Barry Brust without a rebound.
16:40 of 2nd period - Ryan Carter wins face-off versus Tom Pyatt in Thunder zone.
16:51 of 2nd period - Snap shot by Tom Pyatt.
16:51 of 2nd period - Stopped by Alex Stalock with a rebound.
16:53 of 2nd period - Snap shot by Tom Pyatt.
16:53 of 2nd period - Stopped by Alex Stalock without a rebound.
16:54 of 2nd period - Samuel Pahlsson wins face-off versus Ryan Carter in Influenza zone.
16:59 of 2nd period - Snap shot by Samuel Pahlsson.
16:59 of 2nd period - Shot Misses the Net.
17:01 of 2nd period - Slapshot by Jeff Finger.
17:01 of 2nd period - Shot Misses the Net.
17:19 of 2nd period - Dany Roussin is hit by Cody McCormick and loses puck.
17:28 of 2nd period - Slapshot by Jeff Finger.
17:28 of 2nd period - Shot Blocked by Ryan Russell.
17:52 of 2nd period - Zac Dalpe is hit by Derek Peltier and loses puck.
18:23 of 2nd period - Snap shot by Ray Macias.
18:23 of 2nd period - Shot Blocked by Adam Berti.
18:33 of 2nd period - Slapshot by Adam Berti.
18:33 of 2nd period - Stopped by Barry Brust without a rebound.
18:34 of 2nd period - Scott Parse wins face-off versus Cody McCormick in Thunder zone.
19:03 of 2nd period - Off-side.
19:04 of 2nd period - Ryan Carter wins face-off versus Samuel Pahlsson in neutral zone.
19:08 of 2nd period - Mathieu Carle is hit by Slava Voynov and loses puck.
19:13 of 2nd period - Wrist shot by Robbie Earl.
19:13 of 2nd period - Shot Blocked by Slava Voynov.
19:15 of 2nd period - Snap shot by Robbie Earl.
19:15 of 2nd period - Shot Misses the Net.
19:25 of 2nd period - Ryan Carter is hit by Samuel Pahlsson and loses puck.
19:36 of 2nd period - Wrist shot by Ryan Carter.
19:36 of 2nd period - Shot Misses the Net.
Goals for this period are 0 for Influenza vs 2 for Thunder.
Shots for this period are 8 for Influenza vs 13 for Thunder.

3rd period


0:01 of 3rd period - Samuel Pahlsson wins face-off versus Ryan Carter in neutral zone.
0:11 of 3rd period - Snap shot by Martins Karsums.
0:11 of 3rd period - Shot Misses the Net.
0:13 of 3rd period - Slapshot by Jaime Sifers.
0:13 of 3rd period - Goal by Jaime Sifers - Influenza : 1 - Thunder : 3.
0:14 of 3rd period - Samuel Pahlsson wins face-off versus Ryan Carter in neutral zone.
0:19 of 3rd period - Slapshot by Jeff Finger.
0:19 of 3rd period - Shot Blocked by Oskars Bartulis.
0:23 of 3rd period - Snap shot by Samuel Pahlsson.
0:23 of 3rd period - Stopped by Alex Stalock without a rebound.
0:24 of 3rd period - Ryan Carter wins face-off versus Samuel Pahlsson in Influenza zone.
0:24 of 3rd period - Ryan Carter is hit by Samuel Pahlsson.
1:06 of 3rd period - Wrist shot by Pierre-Alexandre Parenteau.
1:06 of 3rd period - Stopped by Alex Stalock without a rebound.
1:07 of 3rd period - Tom Pyatt wins face-off versus Ryan Russell in Influenza zone.
1:22 of 3rd period - Snap shot by Matt D'Agostini.
1:22 of 3rd period - Stopped by Alex Stalock with a rebound.
1:32 of 3rd period - Eric Wellwood is hit by Robin Leblanc and loses puck.
2:34 of 3rd period - Wrist shot by Ryan Carter.
2:34 of 3rd period - Stopped by Barry Brust without a rebound.
2:35 of 3rd period - Ryan Carter wins face-off versus Samuel Pahlsson in Thunder zone.
2:42 of 3rd period - Doug Janik is hit by Robbie Earl and loses puck.
3:01 of 3rd period - Brandon Mashinter is hit by Ben Smith and loses puck.
3:06 of 3rd period - Snap shot by Cody McCormick.
3:06 of 3rd period - Shot Misses the Net.
3:08 of 3rd period - Slapshot by Oskars Bartulis.
3:08 of 3rd period - Shot Blocked by Jeff Finger.
3:10 of 3rd period - Snap shot by Ben Smith.
3:10 of 3rd period - Deflect By Cody McCormick.
3:10 of 3rd period - Shot Blocked by Jeff Finger.
3:10 of 3rd period - Puck is out of play.
3:11 of 3rd period - Ryan Carter wins face-off versus Samuel Pahlsson in Thunder zone.
3:14 of 3rd period - Wrist shot by Robbie Earl.
3:14 of 3rd period - Stopped by Barry Brust without a rebound.
3:15 of 3rd period - Ryan Carter wins face-off versus Samuel Pahlsson in Thunder zone.
3:23 of 3rd period - Minor Penalty to Ray Macias for Hooking.
3:24 of 3rd period - Samuel Pahlsson wins face-off versus Ryan Carter in Thunder zone.
3:24 of 3rd period - Samuel Pahlsson is hit by Martins Karsums.
3:45 of 3rd period - Minor Penalty to Martins Karsums for Slashing.
3:46 of 3rd period - Samuel Pahlsson wins face-off versus Ryan Carter in Influenza zone.
3:53 of 3rd period - Slapshot by Samuel Pahlsson.
3:53 of 3rd period - Stopped by Alex Stalock with a rebound.
3:55 of 3rd period - Snap shot by Samuel Pahlsson.
3:55 of 3rd period - Shot Misses the Net.
4:29 of 3rd period - Slapshot by Robin Leblanc.
4:29 of 3rd period - Shot Misses the Net.
5:15 of 3rd period - Snap shot by Pierre-Alexandre Parenteau.
5:15 of 3rd period - Stopped by Alex Stalock with a rebound.
5:23 of 3rd period - Penalty to Ray Macias is over, Ray Macias is back on ice.
5:42 of 3rd period - Wrist shot by Matt D'Agostini.
5:42 of 3rd period - Deflect By Robin Leblanc.
5:42 of 3rd period - Stopped by Alex Stalock with a rebound.
5:44 of 3rd period - Slapshot by Jannik Hansen.
5:44 of 3rd period - Thunder goal is going for a video replay.
5:44 of 3rd period - The goal is refused. The referee deems the play has been stopped, even if he had not physically had the opportunity to stop play by blowing his whistle..
5:45 of 3rd period - Penalty to Martins Karsums is over, Martins Karsums is back on ice.
5:45 of 3rd period - Tom Pyatt wins face-off versus Juraj Mikus in Influenza zone.
5:50 of 3rd period - Snap shot by Dany Roussin.
5:50 of 3rd period - Shot Misses the Net.
5:52 of 3rd period - Minor Penalty to Juraj Mikus for Hooking.
5:53 of 3rd period - Samuel Pahlsson wins face-off versus Robbie Earl in Influenza zone.
6:26 of 3rd period - Wrist shot by Martins Karsums.
6:26 of 3rd period - Goal by Martins Karsums - Influenza : 2 - Thunder : 3.
6:27 of 3rd period - Samuel Pahlsson wins face-off versus Robbie Earl in neutral zone.
6:53 of 3rd period - Icing by Dany Roussin.
6:54 of 3rd period - Tom Pyatt wins face-off versus Robbie Earl in Thunder zone.
7:12 of 3rd period - Slapshot by Doug Janik.
7:12 of 3rd period - Stopped by Alex Stalock with a rebound.
7:16 of 3rd period - Snap shot by Tom Pyatt.
7:16 of 3rd period - Stopped by Alex Stalock with a rebound.
7:18 of 3rd period - Wrist shot by Dany Roussin.
7:18 of 3rd period - Goal by Dany Roussin - Influenza : 2 - Thunder : 4.
7:19 of 3rd period - Ryan Carter wins face-off versus Samuel Pahlsson in neutral zone.
7:24 of 3rd period - Slapshot by Robbie Earl.
7:24 of 3rd period - Stopped by Barry Brust with a rebound.
7:26 of 3rd period - Slapshot by Robbie Earl.
7:26 of 3rd period - Shot Misses the Net.
7:30 of 3rd period - Snap shot by Ryan Carter.
7:30 of 3rd period - Deflect By Robbie Earl.
7:30 of 3rd period - Shot Blocked by Doug Janik.
7:30 of 3rd period - Puck is out of play.
7:31 of 3rd period - Samuel Pahlsson wins face-off versus Ryan Carter in Thunder zone.
7:36 of 3rd period - Martins Karsums is hit by Doug Janik.
8:17 of 3rd period - Jeremy Morin is hit by Casey Pierro-Zabotel.
8:26 of 3rd period - Doug Janik is hit by Mathieu Carle and loses puck.
8:57 of 3rd period - Wrist shot by Ryan Carter.
8:57 of 3rd period - Stopped by Barry Brust without a rebound.
8:58 of 3rd period - Tom Pyatt wins face-off versus Robbie Earl in Thunder zone.
10:26 of 3rd period - Snap shot by Ryan Carter.
10:26 of 3rd period - Stopped by Barry Brust with a rebound.
11:20 of 3rd period - Snap shot by Ryan Russell.
11:20 of 3rd period - Goal by Ryan Russell - Influenza : 3 - Thunder : 4.
11:21 of 3rd period - Tom Pyatt wins face-off versus Cody McCormick in neutral zone.
11:24 of 3rd period - Ryan Russell is hit by Matt D'Agostini and loses puck.
11:55 of 3rd period - Snap shot by Pierre-Alexandre Parenteau.
11:55 of 3rd period - Shot Blocked by Mathieu Carle.
12:11 of 3rd period - Robbie Earl is hit by Casey Pierro-Zabotel and loses puck.
13:15 of 3rd period - Slapshot by Jeremy Morin.
13:15 of 3rd period - Shot Blocked by Joey Ryan.
13:17 of 3rd period - Slapshot by Zac Dalpe.
13:17 of 3rd period - Goal by Zac Dalpe - Influenza : 4 - Thunder : 4.
13:18 of 3rd period - Ryan Carter wins face-off versus Samuel Pahlsson in neutral zone.
13:29 of 3rd period - Snap shot by Samuel Pahlsson.
13:29 of 3rd period - Stopped by Alex Stalock with a rebound.
13:31 of 3rd period - Snap shot by Pierre-Alexandre Parenteau.
13:31 of 3rd period - Shot Blocked by Robbie Earl.
13:48 of 3rd period - Wrist shot by Ben Smith.
13:48 of 3rd period - Stopped by Barry Brust with a rebound.
13:50 of 3rd period - Slapshot by Carl Gunnarsson.
13:50 of 3rd period - Shot Blocked by Derek Peltier.
13:52 of 3rd period - Wrist shot by Ryan Russell.
13:52 of 3rd period - Shot Misses the Net.
13:54 of 3rd period - Backhand shot by Cody McCormick.
13:54 of 3rd period - Stopped by Barry Brust without a rebound.
13:55 of 3rd period - Samuel Pahlsson wins face-off versus Ryan Carter in Thunder zone.
14:06 of 3rd period - Slapshot by Mathieu Carle.
14:06 of 3rd period - Stopped by Barry Brust without a rebound.
14:07 of 3rd period - Ryan Carter wins face-off versus Samuel Pahlsson in Thunder zone.
14:13 of 3rd period - Minor Penalty to Samuel Pahlsson for Holding Stick.
14:14 of 3rd period - Ryan Carter wins face-off versus Brandon Mashinter in Thunder zone.
15:09 of 3rd period - Oskars Bartulis is hit by Scott Parse.
15:39 of 3rd period - Ryan Russell is hit by Doug Janik and loses puck.
15:46 of 3rd period - Dany Roussin is hit by Ben Smith and loses puck.
16:01 of 3rd period - Snap shot by Ryan Russell.
16:01 of 3rd period - Deflect By Cody McCormick.
16:01 of 3rd period - Shot Misses the Net.
16:01 of 3rd period - Puck is out of play.
16:02 of 3rd period - Ryan Carter wins face-off versus Brandon Mashinter in Thunder zone.
16:13 of 3rd period - Penalty to Samuel Pahlsson is over, Samuel Pahlsson is back on ice.
17:36 of 3rd period - Adam Berti is hit by Scott Parse and loses puck.
18:35 of 3rd period - Slapshot by Martins Karsums.
18:35 of 3rd period - Shot Blocked by Brett Festerling.
18:56 of 3rd period - Icing by Jeff Finger.
18:57 of 3rd period - Cody McCormick wins face-off versus Robin Leblanc in Thunder zone.
19:02 of 3rd period - Snap shot by Ryan Russell.
19:02 of 3rd period - Stopped by Barry Brust without a rebound.
19:03 of 3rd period - Cody McCormick wins face-off versus Robin Leblanc in Thunder zone.
19:20 of 3rd period - Wrist shot by Ben Smith.
19:20 of 3rd period - Shot Blocked by Jeff Finger.
19:22 of 3rd period - Snap shot by Ryan Russell.
19:22 of 3rd period - Shot Misses the Net.
19:24 of 3rd period - Wrist shot by Ben Smith.
19:24 of 3rd period - Shot Blocked by Doug Janik.
19:26 of 3rd period - Wrist shot by Cody McCormick.
19:26 of 3rd period - Stopped by Barry Brust with a rebound.
19:28 of 3rd period - Slapshot by Cody McCormick.
19:28 of 3rd period - Deflect By Jeff Finger.
19:28 of 3rd period - Shot Misses the Net.
19:28 of 3rd period - Puck is out of play.
19:29 of 3rd period - Zac Dalpe wins face-off versus Daultan Leveillé in Thunder zone.
19:44 of 3rd period - Wrist shot by Daultan Leveillé.
19:44 of 3rd period - Shot Misses the Net.
Goals for this period are 4 for Influenza vs 1 for Thunder.
Shots for this period are 14 for Influenza vs 11 for Thunder.

Overtime #1


0:01 of 1st overtime period - Samuel Pahlsson wins face-off versus Robbie Earl in neutral zone.
0:14 of 1st overtime period - Slapshot by Mathieu Carle.
0:14 of 1st overtime period - Stopped by Barry Brust with a rebound.
0:16 of 1st overtime period - Slapshot by Jaime Sifers.
0:16 of 1st overtime period - Deflect By Jeff Finger.
0:16 of 1st overtime period - Stopped by Barry Brust with a rebound.
0:29 of 1st overtime period - Icing by Mathieu Carle.
0:30 of 1st overtime period - Samuel Pahlsson wins face-off versus Robbie Earl in Influenza zone.
0:57 of 1st overtime period - Oskars Bartulis is hit by Pierre-Alexandre Parenteau and loses puck.
1:14 of 1st overtime period - Ryan Carter is hit by Samuel Pahlsson and loses puck.
1:37 of 1st overtime period - Wrist shot by Jeremy Morin.
1:37 of 1st overtime period - Shot Blocked by Derek Peltier.
4:01 of 1st overtime period - Samuel Pahlsson is hit by Ryan Carter and loses puck.
4:18 of 1st overtime period - Jeff Finger is hit by Cody McCormick and loses puck.
Goals for this period are 0 for Influenza vs 0 for Thunder.
Shots for this period are 2 for Influenza vs 0 for Thunder.

ShootOut


5:00 of 1st overtime period - Penalty Shot by Robbie Earl for Influenza.
5:00 of 1st overtime period - Deke by Robbie Earl.
5:00 of 1st overtime period - Goal by Robbie Earl.
5:00 of 1st overtime period - Penalty Shot by Samuel Pahlsson for Thunder.
5:00 of 1st overtime period - Snap shot by Samuel Pahlsson.
5:00 of 1st overtime period - Shot Misses the Net.
5:00 of 1st overtime period - Penalty Shot by Ryan Carter for Influenza.
5:00 of 1st overtime period - Snap shot by Ryan Carter.
5:00 of 1st overtime period - Stopped by Barry Brust.
5:00 of 1st overtime period - Penalty Shot by Scott Parse for Thunder.
5:00 of 1st overtime period - Deke by Scott Parse.
5:00 of 1st overtime period - Stopped by Alex Stalock.
5:00 of 1st overtime period - Penalty Shot by Martins Karsums for Influenza.
5:00 of 1st overtime period - Deke by Martins Karsums.
5:00 of 1st overtime period - Stopped by Barry Brust.
5:00 of 1st overtime period - Penalty Shot by Dany Roussin for Thunder.
5:00 of 1st overtime period - Snap shot by Dany Roussin.
5:00 of 1st overtime period - Shot Misses the Net.


Output by the SimonT Hockey Simulator (STHS) for François Prévost -- Original Page W3C XHTML 1.0 Valid
Hockey Simulator - Hockey Simulation - Hockey Manager